[Event "ICC tourney 2822 (30 10)"]
[Site "Internet Chess Club"]
[Date "2022.02.12"]
[Round "3"]
[White "Jones, Richard S:weakfish"]
[Black "DATTA, GAURAV D:Geebz76"]
[Result "1-0"]
[ICCResult "Black resigns"]
[WhiteElo "1437"]
[BlackElo "1308"]
[Opening "French: Tarrasch, open variation"]
[ECO "C07"]
[NIC "FR.18"]
[Time "16:00:17"]
[PlyCount "131"]
[TimeControl "1800+10"]

1. e4 e6 2. d4 d5 3. Nd2 c5 4. Bb5+ Bd7 5. Bxd7+ Qxd7 6. dxc5 Bxc5 7. exd5
Qxd5 8. Qf3 Nf6 9. Ne2 Nc6 10. O-O Nd4 11. Nxd4 Bxd4 12. c3 Bb6 13. Qg3 O-O
14. Nf3 Rac8 15. Bg5 Ne4 16. Qh4 Nxg5 17. Nxg5 h6 18. Nf3 Rc4 19. Qg3 h5 20.
Rad1 Rg4 21. Rxd5 Rxg3 22. Rxh5 Rg4 23. Ne5 Re4 24. Nd7 Rd8 25. Nxb6 axb6
26. Rb5 Rd6 27. g3 Re2 28. Kg2 f5 29. Kf3 Red2 30. Re1 Kf7 31. Re2 Rd1 32.
b3 g5 33. c4 Rg1 34. h3 Kf6 35. c5 bxc5 36. Rxc5 Rh1 37. Kg2 Rdd1 38. Rce5
g4 39. Rxe6+ Kg5 40. h4+ Kh5 41. f3 Rhg1+ 42. Kf2 gxf3 43. Kxf3 Rdf1+ 44.
Rf2 Rc1 45. Re5 Rc3+ 46. Kf4 Rgxg3 47. Kxf5 Kxh4 48. Re7 Rc5+ 49. Ke6 Re3+
50. Kd6 Rc6+ 51. Kd7 Rxe7+ 52. Kxe7 Kg3 53. Rd2 Kf4 54. Rd7 b6 55. Rd6 Rc2
56. a4 b5 57. axb5 Rb2 58. b6 Rxb3 59. Kd7 Ke5 60. Rh6 Rd3+ 61. Kc7 Rc3+ 62.
Kb7 Kd5 63. Kb8 Rb3 64. b7 Rb4 65. Ka7 Ra4+ 66. Ra6 {Black resigns} 1-0

[Event "ICC tourney 2822 (30 10)"]
[Site "Internet Chess Club"]
[Date "2022.02.12"]
[Round "3"]
[White "Mason, Mike W:MikeWMason"]
[Black "HARRIS, ISAAC LOTT:isaaclharris"]
[Result "0-1"]
[ICCResult "White resigns"]
[WhiteElo "1507"]
[BlackElo "1509"]
[Opening "French: King's Indian attack"]
[ECO "C00"]
[NIC "FR.02"]
[Time "16:01:02"]
[PlyCount "116"]
[TimeControl "1800+10"]

1. e4 e6 2. d3 d5 3. Nd2 c5 4. Ngf3 Nc6 5. c3 g6 6. g3 Bg7 7. Bg2 Nf6 8. O-O
O-O 9. Re1 b6 10. Nf1 dxe4 11. Ng5 Bb7 12. Nxe4 Qd7 13. Qc2 Rad8 14. Bg5 Qe7
15. Ne3 h6 16. Nxf6+ Bxf6 17. Bxh6 Bg7 18. Bxg7 Kxg7 19. Rad1 Ne5 20. Nf5+
exf5 21. Bxb7 Qxb7 22. Rxe5 Qf3 23. Re3 Qg4 24. Qe2 Qh3 25. g4 Qxg4+ 26.
Qxg4 fxg4 27. Re7 a6 28. Rb7 Rd6 29. Kg2 Rfd8 30. d4 cxd4 31. cxd4 b5 32.
Ra7 Rc8 33. Rd2 Rc4 34. b3 Rc8 35. Kg3 Rcd8 36. d5 Rxd5 37. Rxd5 Rxd5 38.
Rxa6 f5 39. Kg2 Kh6 40. a4 bxa4 41. bxa4 Kg5 42. Ra8 Rd1 43. Rh8 Ra1 44. h4+
gxh3+ 45. Rxh3 Rxa4 46. Rg3+ Rg4 47. f3 Rxg3+ 48. Kxg3 f4+ 49. Kh3 Kf6 50.
Kg2 Ke5 51. Kf2 Kd4 52. Ke2 Kc3 53. Ke1 Kd3 54. Kf2 Kd2 55. Kf1 Ke3 56. Kg2
g5 57. Kh3 Kxf3 58. Kh2 Ke2 {White resigns} 0-1

[Event "ICC tourney 2822 (30 10)"]
[Site "Internet Chess Club"]
[Date "2022.02.12"]
[Round "3"]
[White "WU, WINSTON:K01-30022609"]
[Black "QI, JENNY:eevee11"]
[Result "1/2-1/2"]
[ICCResult "Game drawn because neither player has mating material"]
[WhiteElo "1441"]
[BlackElo "1386"]
[Opening "Four knights: Scotch, 4...exd4"]
[ECO "C47"]
[NIC "SO.03"]
[Time "16:00:17"]
[PlyCount "130"]
[TimeControl "1800+10"]

1. e4 e5 2. Nf3 Nc6 3. Nc3 Nf6 4. d4 exd4 5. Nxd4 Bb4 6. Nxc6 bxc6 7. Bd3 d5
8. exd5 cxd5 9. O-O O-O 10. Bg5 Bxc3 11. bxc3 Qd6 12. Bxf6 Qxf6 13. Qh5 h6
14. Qxd5 Be6 15. Qe4 g6 16. Qe3 h5 17. Qd4 Qxd4 18. cxd4 Rac8 19. f4 c5 20.
dxc5 Rxc5 21. Rfe1 Bc4 22. Re7 Bxd3 23. cxd3 a5 24. Re5 Rxe5 25. fxe5 Rd8
26. Rd1 Rd4 27. Kf2 Ra4 28. Rd2 Kf8 29. Ke3 Ke7 30. d4 Ra3+ 31. Ke4 Ra4 32.
Kd5 Kd7 33. Kc5 Rb4 34. Rf2 Ke8 35. h3 Rb8 36. Rd2 a4 37. d5 a3 38. Rd3 Ra8
39. Kb4 Kd7 40. Rxa3 Rb8+ 41. Kc3 Rb5 42. Ra7+ Ke8 43. Kd4 Rb2 44. g3 Rd2+
45. Ke4 Rh2 46. h4 Rg2 47. Kf4 Rd2 48. Ra5 Kd7 49. Ra7+ Ke8 50. Ra8+ Kd7 51.
Ra5 Ke8 52. Ke4 Rd1 53. Kf3 Rd3+ 54. Kf4 Rd1 55. Ra8+ Kd7 56. Ra6 Rxd5 57.
Rd6+ Rxd6 58. exd6 f6 59. g4 hxg4 60. Kxg4 Kxd6 61. h5 gxh5+ 62. Kxh5 Kc5
63. Kg6 Kb4 64. Kxf6 Ka3 65. Ke5 Kxa2
{Game drawn because neither player has mating material}
1/2-1/2

[Event "ICC tourney 2822 (30 10)"]
[Site "Internet Chess Club"]
[Date "2022.02.12"]
[Round "4"]
[White "BOGIN, THEODORE:tbogin1"]
[Black "Lin, James:MeLikeGame"]
[Result "0-1"]
[ICCResult "White resigns"]
[WhiteElo "1433"]
[BlackElo "1392"]
[Opening "two knights: Max Lange attack"]
[ECO "C55"]
[NIC "KP.02"]
[Time "18:00:15"]
[PlyCount "70"]
[TimeControl "1800+10"]

1. e4 e5 2. Nf3 Nc6 3. Bc4 Nf6 4. d4 exd4 5. O-O Bc5 6. e5 d5 7. exf6 dxc4
8. Re1+ Be6 9. Ng5 Qxf6 10. Nxe6 fxe6 11. Qh5+ g6 12. Qxc5 O-O-O 13. Bg5 Qf7
14. Bxd8 Nxd8 15. Qxc4 Rf8 16. Qxd4 Nc6 17. Qe3 e5 18. Nc3 Nd4 19. Qxe5
Qxf2+ 20. Kh1 Nxc2 21. Qe6+ Kd8 22. Rad1+ Nd4 23. Qe7+ Kc8 24. Rg1 Nc6 25.
Qe6+ Kb8 26. Rge1 a6 27. Qe2 Qh4 28. b4 Nd4 29. Rxd4 Qxd4 30. Ne4 Re8 31. h3
Qxb4 32. a3 Qxa3 33. Qe3 Qxe3 34. Rxe3 a5 35. Kg1 a4 {White resigns} 0-1

[Event "ICC tourney 2822 (30 10)"]
[Site "Internet Chess Club"]
[Date "2022.02.12"]
[Round "4"]
[White "Garner, Christian:ChristianJRG"]
[Black "Thomas, Mitchell:byumitchell"]
[Result "1-0"]
[ICCResult "Black resigns"]
[WhiteElo "1608"]
[BlackElo "1329"]
[Opening "English: Bremen, Smyslov system"]
[ECO "A22"]
[NIC "EO.10"]
[Time "18:00:15"]
[PlyCount "51"]
[TimeControl "1800+10"]

1. c4 Nf6 2. Nc3 e5 3. g3 Bb4 4. Nd5 Nxd5 5. cxd5 Be7 6. Bg2 d6 7. d4 exd4
8. Qxd4 Bf6 9. Qd1 c6 10. dxc6 Nxc6 11. Rb1 Bf5 12. e4 Qe7 13. Qe2 Nd4 14.
Qd3 Bg6 15. Be3 Nc6 16. a3 O-O 17. Ne2 Ne5 18. Qd5 b6 19. O-O Rac8 20. Nf4
Kh8 21. Nxg6+ fxg6 22. Rfc1 Nc4 23. Rxc4 Rcd8 24. b4 Bg5 25. Bxg5 Qxg5 26.
Qxg5 {Black resigns} 1-0

[Event "ICC tourney 2822 (30 10)"]
[Site "Internet Chess Club"]
[Date "2022.02.12"]
[Round "4"]
[White "HANKE, HARVEY:ThinkingPanda"]
[Black "JACKSON, MASSIMO MATEO:Yeetamus123"]
[Result "1-0"]
[ICCResult "Black checkmated"]
[WhiteElo "1551"]
[BlackElo "1383"]
[Opening "Sicilian: Grand Prix attack"]
[ECO "B23"]
[NIC "SI.44"]
[Time "18:00:18"]
[PlyCount "47"]
[TimeControl "1800+10"]

1. e4 c5 2. Nc3 Nc6 3. f4 g6 4. Nf3 Bg7 5. Bc4 d6 6. d3 Nf6 7. O-O Bg4 8.
Be3 O-O 9. h3 Bxf3 10. Qxf3 Nb4 11. Bb3 Qd7 12. a3 Nc6 13. g4 a6 14. Nd5
Nxd5 15. Bxd5 Bxb2 16. Rab1 Bxa3 17. Bxc6 Qxc6 18. f5 Kg7 19. f6+ Kg8 20.
fxe7 Rfe8 21. Qxf7+ Kh8 22. Bh6 Rg8 23. Qf6+ Rg7 24. Qxg7# {Black
checkmated} 1-0

[Event "ICC tourney 2822 (30 10)"]
[Site "Internet Chess Club"]
[Date "2022.02.12"]
[Round "4"]
[White "JIMENEZ, LUIS A:eltuna"]
[Black "GOKULRAJ, DARSHAN:Dolphinwantsgm"]
[Result "1-0"]
[ICCResult "Black resigns"]
[WhiteElo "1440"]
[BlackElo "992"]
[Opening "Queen's pawn game"]
[ECO "D04"]
[NIC "QP.06"]
[Time "18:00:18"]
[PlyCount "47"]
[TimeControl "1800+10"]

1. d4 Nf6 2. Nf3 d5 3. e3 c5 4. b3 Nc6 5. Bb2 g6 6. Be2 Bg7 7. O-O cxd4 8.
exd4 O-O 9. Nbd2 e6 10. Rc1 Bd7 11. c4 Rc8 12. Re1 Re8 13. Ne5 Qc7 14. Ndf3
Ne4 15. Bd3 Nxe5 16. Nxe5 Ng5 17. h4 f6 18. Nxd7 Qxd7 19. hxg5 fxg5 20. cxd5
Rxc1 21. Qxc1 Qxd5 22. Bc4 Qf5 23. Qe3 Kh8 24. Bxe6 {Black resigns} 1-0

[Event "ICC tourney 2822 (30 10)"]
[Site "Internet Chess Club"]
[Date "2022.02.12"]
[Round "4"]
[White "PODDUTURI, AASHRITH:chessprogidy"]
[Black "Kale, Shubham:shubham07"]
[Result "0-1"]
[ICCResult "White checkmated"]
[WhiteElo "1429"]
[BlackElo "1417"]
[Opening "Modern defense"]
[ECO "A40"]
[NIC "QO.17"]
[Time "18:00:42"]
[PlyCount "56"]
[TimeControl "1800+10"]

1. d4 g6 2. Nf3 Bg7 3. Bf4 c5 4. e3 cxd4 5. exd4 d6 6. c3 Nd7 7. Bd3 a6 8.
Nbd2 b5 9. O-O Ngf6 10. Re1 O-O 11. h3 Bb7 12. a4 bxa4 13. Qxa4 Nd5 14. Bg3
N7b6 15. Qd1 Qc7 16. Qe2 Rfe8 17. Bxa6 Bxa6 18. Rxa6 Rxa6 19. Qxa6 Ra8 20.
Qb5 Kf8 21. c4 Nf6 22. c5 Nc8 23. cxd6 Nxd6 24. Bxd6 Qxd6 25. Nc4 Qc7 26.
Re5 Nd7 27. Rd5 Ra1+ 28. Ne1 Rxe1# {White checkmated} 0-1

[Event "ICC tourney 2822 (30 10)"]
[Site "Internet Chess Club"]
[Date "2022.02.12"]
[Round "4"]
[White "Sreekumar, Gauri:gsgirl"]
[Black "CAO, DANIEL:danielcao"]
[Result "1-0"]
[ICCResult "Black resigns"]
[WhiteElo "1448"]
[BlackElo "1318"]
[Opening "Sicilian defense"]
[ECO "B30"]
[NIC "SI.31"]
[Time "18:00:21"]
[PlyCount "91"]
[TimeControl "1800+10"]

1. e4 c5 2. Nf3 Nc6 3. d3 Nf6 4. g3 d6 5. Bg2 g6 6. O-O Bg7 7. Re1 Bg4 8.
Nbd2 O-O 9. c3 Ne5 10. Qc2 Rc8 11. Nxe5 dxe5 12. Nc4 Nd7 13. f4 b5 14. Nd2
b4 15. Nc4 Nb6 16. Nxe5 Bxe5 17. fxe5 c4 18. d4 bxc3 19. bxc3 e6 20. h3 Bxh3
21. Bxh3 h5 22. Qd2 Na4 23. Qh6 Nxc3 24. Bg5 Qxd4+ 25. Kh2 Qxe5 26. Bf4 Qd4
27. Bxe6 fxe6 28. Qxg6+ Qg7 29. Qxg7+ Kxg7 30. Be5+ Kg6 31. Bxc3 Rf2+ 32.
Kg1 Rcf8 33. Rf1 R2f3 34. Be5 R3f7 35. Rxf7 Rxf7 36. Rc1 Rd7 37. Rxc4 Rd1+
38. Kf2 Rd2+ 39. Kf3 Rxa2 40. Rc6 Kf7 41. Rc7+ Ke8 42. Rh7 a5 43. Rxh5 a4
44. Rh7 Ra3+ 45. Kf4 Ra1 46. Bxa1 {Black resigns} 1-0

[Event "ICC tourney 2822 (30 10)"]
[Site "Internet Chess Club"]
[Date "2022.02.12"]
[Round "4"]
[White "DATTA, GAURAV D:Geebz76"]
[Black "WU, WINSTON:K01-30022609"]
[Result "0-1"]
[ICCResult "White checkmated"]
[WhiteElo "1308"]
[BlackElo "1441"]
[Opening "English opening: Agincourt variation"]
[ECO "A13"]
[NIC "QP.09"]
[Time "18:00:17"]
[PlyCount "130"]
[TimeControl "1800+10"]

1. Nf3 d5 2. c4 e6 3. b3 Be7 4. Bb2 Nf6 5. g3 O-O 6. Bg2 Nc6 7. O-O Bd7 8.
cxd5 exd5 9. d3 Bg4 10. Nbd2 Qd7 11. Re1 Rfe8 12. Rc1 Qd6 13. e4 dxe4 14.
dxe4 Qd8 15. Qc2 Nb4 16. Qxc7 Nd3 17. Qxd8 Raxd8 18. Bxf6 Bxf6 19. e5 Nxc1
20. Rxc1 Bxf3 21. Nxf3 Bxe5 22. Nxe5 Rxe5 23. Bxb7 Re2 24. a4 Red2 25. Ba6
Rd1+ 26. Rxd1 Rxd1+ 27. Kg2 Kf8 28. h4 Ke7 29. Kf3 Kf6 30. g4 g6 31. Kf4 h6
32. g5+ hxg5+ 33. hxg5+ Ke7 34. Kg4 Rb1 35. Bc4 a5 36. f3 Re1 37. Kf4 f6 38.
gxf6+ Kxf6 39. Kg4 g5 40. f4 Re4 41. Kf3 Rxf4+ 42. Kg3 Ke5 43. Bg8 Rb4 44.
Kf3 Kd4 45. Kg4 Kc3+ 46. Kxg5 Rxb3 47. Bxb3 Kxb3 48. Kf4 Kxa4 49. Ke3 Kb3
50. Kd2 Kb2 51. Kd3 a4 52. Kc4 a3 53. Kb4 a2 54. Kc4 a1=Q 55. Kd3 Qa4 56.
Kd2 Qc4 57. Ke3 Kc3 58. Kf3 Qd4 59. Ke2 Qd3+ 60. Kf2 Kd4 61. Kg2 Qe3 62. Kf1
Qd2 63. Kg1 Ke3 64. Kh1 Kf3 65. Kg1 Qg2# {White checkmated} 0-1

[Event "ICC tourney 2822 (30 10)"]
[Site "Internet Chess Club"]
[Date "2022.02.12"]
[Round "4"]
[White "Wang, Bohan:BohanChess"]
[Black "Jones, Richard S:weakfish"]
[Result "1/2-1/2"]
[ICCResult "Game drawn by mutual agreement"]
[WhiteElo "1252"]
[BlackElo "1437"]
[Opening "QGD Slav: 3.Nf3"]
[ECO "D11"]
[NIC "QP.09"]
[Time "18:00:18"]
[PlyCount "127"]
[TimeControl "1800+10"]

1. Nf3 d5 2. d4 c6 3. c4 Nf6 4. g3 Bf5 5. Bg5 Nbd7 6. Nbd2 e6 7. Bg2 Be7 8.
O-O O-O 9. Rc1 h6 10. Bxf6 Nxf6 11. Re1 dxc4 12. Nxc4 Rc8 13. Qb3 Rb8 14.
Red1 Qc7 15. Nfe5 Rfd8 16. Ne3 Bh7 17. f4 Be4 18. Bxe4 Nxe4 19. f5 Bg5 20.
fxe6 Bxe3+ 21. Qxe3 f5 22. Rf1 Rf8 23. Nf7 Qe7 24. Rxf5 Qxe6 25. Re5 Qxf7
26. Rxe4 Qxa2 27. Qc3 Qd5 28. Re5 Qf7 29. Qc5 a6 30. Re7 Qf6 31. Re4 Rbd8
32. Rf4 Qe6 33. Rxf8+ Rxf8 34. Qc4 Re8 35. Qxe6+ Rxe6 36. Kf2 Kf7 37. Kf3
Kf6 38. e4 g5 39. e5+ Kg6 40. g4 h5 41. h3 h4 42. Ke4 Re7 43. d5 cxd5+ 44.
Kxd5 Rf7 45. e6 Rf3 46. Rc4 Kf6 47. Re4 Ke7 48. Ke5 Rxh3 49. Kf5 Rb3 50. Re2
Rb5+ 51. Kg6 h3 52. Rh2 Kxe6 53. Rxh3 Rxb2 54. Kxg5 a5 55. Kh6 a4 56. g5 Kf7
57. Rf3+ Kg8 58. g6 Rh2+ 59. Kg5 Rg2+ 60. Kf6 Rh2 61. Re3 Rf2+ 62. Kg5 Rg2+
63. Kf6 Rf2+ 64. Kg5 {Game drawn by mutual agreement} 1/2-1/2

[Event "ICC tourney 2822 (30 10)"]
[Site "Internet Chess Club"]
[Date "2022.02.12"]
[Round "4"]
[White "THAIN, JACK:jt1819"]
[Black "GUO, MAX:salamenceg"]
[Result "1-0"]
[ICCResult "Black checkmated"]
[WhiteElo "1673"]
[BlackElo "1140"]
[Opening "Queen's pawn game"]
[ECO "D00"]
[NIC "QP.07"]
[Time "18:00:16"]
[PlyCount "59"]
[TimeControl "1800+10"]

1. d4 Nf6 2. Nc3 d5 3. Bf4 g6 4. e3 Bg7 5. h4 c5 6. Nb5 Qa5+ 7. c3 Na6 8.
Be2 Bd7 9. a4 O-O 10. h5 c4 11. hxg6 fxg6 12. Bh6 Ne4 13. Bf3 Bxb5 14. axb5
Qxb5 15. Bxe4 dxe4 16. Bxg7 Kxg7 17. Ne2 Rad8 18. Nf4 Rxf4 19. exf4 Qxb2 20.
Qc1 Qb6 21. f5 Qc6 22. Qh6+ Kf6 23. Qxh7 Kxf5 24. Qf7+ Qf6 25. Ra5+ Kg4 26.
Qh7 e5 27. Rxe5 e3 28. Qh3+ Kf4 29. g3+ Kf3 30. Rxe3# {Black checkmated} 1-0

[Event "ICC tourney 2822 (30 10)"]
[Site "Internet Chess Club"]
[Date "2022.02.12"]
[Round "4"]
[White "HERREROS, STEPHEN:alekhine1031"]
[Black "AYYAPPAN, ANUSHKA:Anushkaa"]
[Result "1-0"]
[ICCResult "Black checkmated"]
[WhiteElo "1492"]
[BlackElo "1251"]
[Opening "Polish (Sokolsky) opening"]
[ECO "A00"]
[NIC "VO.10"]
[Time "18:00:24"]
[PlyCount "123"]
[TimeControl "1800+10"]

1. b4 Nf6 2. Bb2 g6 3. e3 Bg7 4. c4 d6 5. Nf3 O-O 6. Be2 Nbd7 7. d4 c5 8.
dxc5 dxc5 9. a3 cxb4 10. axb4 b6 11. O-O Bb7 12. Qb3 e6 13. Rd1 Qc7 14. Nc3
a5 15. Nb5 Qc6 16. Rd6 Qc8 17. Rad1 axb4 18. Qxb4 Bc6 19. Nbd4 Ba4 20. Ra1
Ne4 21. Rxa4 Rxa4 22. Qxa4 Nxd6 23. Nc6 Re8 24. Ba3 Nc5 25. Bxc5 bxc5 26.
Nfe5 Bxe5 27. Nxe5 Qa8 28. Qd1 Ne4 29. Bf3 f5 30. Qd7 Qd8 31. Qf7+ Kh8 32.
Nc6 Qc8 33. Bxe4 Rf8 34. Qe7 fxe4 35. Ne5 Kg8 36. Nd7 Rf7 37. Nf6+ Kg7 38.
Ne8+ Kg8 39. Qxf7+ Kxf7 40. Nd6+ Ke7 41. Nxc8+ Kd7 42. Na7 Kc7 43. Nb5+ Kc6
44. Kf1 e5 45. Nc3 Kb6 46. Nxe4 Ka5 47. Ke2 Kb4 48. Kd3 Kb3 49. Nxc5+ Kb4
50. Nd7 Ka5 51. Nxe5 Kb6 52. Kd4 Kc7 53. Kd5 Kc8 54. c5 Kc7 55. c6 Kc8 56.
Kd6 Kd8 57. Nf7+ Kc8 58. c7 Kb7 59. Kd7 Kb6 60. c8=Q Ka7 61. Kc7 h5 62. Qb7#
{Black checkmated}
1-0

[Event "ICC tourney 2822 (30 10)"]
[Site "Internet Chess Club"]
[Date "2022.02.12"]
[Round "4"]
[White "QI, JENNY:eevee11"]
[Black "ANGEL, BORYS:BArkadia"]
[Result "1-0"]
[ICCResult "Black checkmated"]
[WhiteElo "1386"]
[BlackElo "1432"]
[Opening "Ruy Lopez: 5.O-O"]
[ECO "C78"]
[NIC "RL.12"]
[Time "18:00:17"]
[PlyCount "137"]
[TimeControl "1800+10"]

1. e4 e5 2. Nf3 Nc6 3. Bb5 a6 4. Ba4 Nf6 5. O-O b5 6. Bb3 Bc5 7. a4 Bb7 8.
c3 O-O 9. d4 exd4 10. cxd4 Ba7 11. e5 Ne4 12. Bd5 Na5 13. Bxb7 Nxb7 14. Nbd2
d5 15. Qc2 c5 16. Nxe4 dxe4 17. Qxe4 Na5 18. axb5 axb5 19. dxc5 Nb3 20. Bg5
Qd7 21. Rad1 Qc7 22. Be3 Bxc5 23. Bxc5 Qxc5 24. Qd5 Qxd5 25. Rxd5 b4 26. Rb5
Rfb8 27. Rxb8+ Rxb8 28. Rd1 Rc8 29. Ne1 Kf8 30. h3 Ke7 31. Nd3 Rc4 32. g3
Ke6 33. f4 h6 34. Kf2 Kf5 35. Ne1 g5 36. fxg5 hxg5 37. Rd3 Nd4 38. Re3 Nc2
39. Nxc2 Rxc2+ 40. Re2 Rxe2+ 41. Kxe2 Kxe5 42. Ke3 f5 43. b3 f4+ 44. gxf4+
gxf4+ 45. Kf3 Kd4 46. h4 Kc3 47. h5 Kxb3 48. h6 Ka3 49. h7 b3 50. h8=Q b2
51. Qa8+ Kb3 52. Qd5+ Kc2 53. Qc4+ Kd1 54. Qb3+ Kc1 55. Qc3+ Kb1 56. Kxf4
Ka2 57. Qa5+ Kb3 58. Qb5+ Ka3 59. Qd3+ Ka4 60. Qb1 Kb3 61. Ke3 Kc3 62. Ke2
Kb3 63. Kd3 Ka3 64. Kc3 Ka4 65. Qxb2 Ka5 66. Kc4 Ka6 67. Kc5 Ka7 68. Kc6 Ka8
69. Qb7# {Black checkmated} 1-0

[Event "ICC tourney 2822 (30 10)"]
[Site "Internet Chess Club"]
[Date "2022.02.12"]
[Round "4"]
[White "HARRIS, ISAAC LOTT:isaaclharris"]
[Black "WANG, MAXWELL GEORG:MaxWang"]
[Result "0-1"]
[ICCResult "White resigns"]
[WhiteElo "1509"]
[BlackElo "1692"]
[Opening "Torre attack (Tartakower variation)"]
[ECO "D03"]
[NIC "QP.08"]
[Time "18:00:17"]
[PlyCount "106"]
[TimeControl "1800+10"]

1. d4 d5 2. Nf3 Nf6 3. Bg5 e6 4. e3 c5 5. c4 cxd4 6. exd4 dxc4 7. Bxc4 Be7
8. Nc3 Nc6 9. O-O O-O 10. Rc1 h6 11. Bh4 Nd5 12. Bg3 Nb6 13. Bb3 Bf6 14. Be5
Qe7 15. Bc2 Rd8 16. Qd3 g6 17. Bxf6 Qxf6 18. Ne4 Qg7 19. Rfd1 e5 20. d5 Rxd5
21. Qe2 Be6 22. Nc3 Rxd1+ 23. Rxd1 Nd4 24. Nxd4 exd4 25. Ne4 Rd8 26. Nc5 Bd5
27. Bb3 Bxb3 28. Nxb3 d3 29. Qe7 Qf8 30. Qxb7 Rd7 31. Qf3 Qe7 32. g3 Qe2 33.
Kg2 Qxb2 34. Rd2 Qc3 35. Rd1 Rd8 36. Qe3 Kg7 37. Qe7 Rd7 38. Qc5 Qf6 39. Qb5
Rd5 40. Qa6 Qc6 41. f3 Qe6 42. Nc1 d2 43. Nb3 Qe1 44. Qf1 Qxf1+ 45. Kxf1 Nc4
46. Ke2 Re5+ 47. Kf2 Rb5 48. Nxd2 Rb2 49. Ke1 Ne3 50. Ra1 Nc2+ 51. Kd1 Nxa1
52. Kc1 Rc2+ 53. Kd1 Rc7 {White resigns} 0-1

[Event "ICC tourney 2822 (30 10)"]
[Site "Internet Chess Club"]
[Date "2022.02.12"]
[Round "4"]
[White "JACOBS, STEVE:Steviejay"]
[Black "Mason, Mike W:MikeWMason"]
[Result "1/2-1/2"]
[ICCResult "Game drawn by mutual agreement"]
[WhiteElo "1229"]
[BlackElo "1507"]
[Opening "Torre attack (Tartakower variation)"]
[ECO "D03"]
[NIC "QP.08"]
[Time "18:01:10"]
[PlyCount "86"]
[TimeControl "1800+10"]

1. d4 d5 2. Nf3 Nf6 3. Bg5 Ne4 4. Bh4 c5 5. e3 Nc6 6. c3 Qb6 7. Qb3 c4 8.
Qxb6 axb6 9. Nbd2 Bf5 10. Nxe4 Bxe4 11. Nd2 Bg6 12. Be2 b5 13. O-O e6 14. a3
Bd6 15. Rfc1 Kd7 16. Bf3 f5 17. Bg3 Ra7 18. Bxd6 Kxd6 19. Be2 Rha8 20. Rab1
f4 21. exf4 Bxb1 22. Rxb1 Rf8 23. g3 Raa8 24. Nf3 Rf6 25. Ne5 Raf8 26. Rf1
Ne7 27. Bg4 Nc8 28. Ra1 Nb6 29. Bd1 g5 30. Ng4 Rg6 31. Bc2 Rg7 32. fxg5 Rxg5
33. Ne5 h6 34. h4 Rg7 35. Re1 Nd7 36. Nxd7 Kxd7 37. Rf1 Kd6 38. Kg2 Rgf7 39.
f4 Rg7 40. Kh3 Rfg8 41. Rf3 b6 42. Bb1 Rg4 43. Bc2 R4g7
{Game drawn by mutual agreement}
1/2-1/2

[Event "ICC tourney 2822 (30 10)"]
[Site "Internet Chess Club"]
[Date "2022.02.12"]
[Round "4"]
[White "BRUDNO, STEPHEN:StevChess01"]
[Black "SAHNI, HARTEJ:hartej"]
[Result "1/2-1/2"]
[ICCResult "Game drawn by mutual agreement"]
[WhiteElo "1400"]
[BlackElo "1476"]
[Opening "QGD: exchange, positional line"]
[ECO "D35"]
[NIC "QO.16"]
[Time "18:00:19"]
[PlyCount "125"]
[TimeControl "1800+10"]

1. d4 d5 2. c4 e6 3. Nc3 Nf6 4. cxd5 exd5 5. Bg5 Be7 6. e3 O-O 7. Bd3 c6 8.
Qc2 h6 9. Bh4 a5 10. Nf3 Na6 11. a3 Be6 12. O-O Nd7 13. Bg3 Nf6 14. h3 c5
15. b3 cxd4 16. exd4 Rc8 17. Qb2 Bd6 18. Bxd6 Qxd6 19. Ne5 Bd7 20. Nxd7 Qxd7
21. Rfe1 Nc7 22. Na4 Rce8 23. Nc5 Qc6 24. Rec1 Qb6 25. Na4 Qd6 26. Rc5 b6
27. Rcc1 Ne6 28. Bb5 Rc8 29. Ba6 Rxc1+ 30. Rxc1 Nc7 31. Bf1 Re8 32. Qc2 Ne6
33. Qb2 Re7 34. Rd1 Rc7 35. Nc3 Qc6 36. Nb5 Qc2 37. Qxc2 Rxc2 38. Rb1 Rd2
39. b4 Nxd4 40. Nxd4 Rxd4 41. bxa5 bxa5 42. Rb5 Ra4 43. Rb3 g6 44. f3 Kg7
45. Kf2 Rd4 46. Ke3 Rd1 47. Be2 Ra1 48. Kf2 Nd7 49. Bb5 Ne5 50. a4 Nc4 51.
Rd3 Ra2+ 52. Kg3 Nb6 53. Rc3 d4 54. Rd3 Nxa4 55. Rxd4 Nc5 56. Rd5 Ne6 57.
Bc4 Rc2 58. Bb3 Rb2 59. Bc4 a4 60. Rd7 Kf6 61. Ra7 Rb4 62. Ba2 g5 63. Kh2
{Game drawn by mutual agreement}
1/2-1/2

[Event "ICC tourney 2822 (30 10)"]
[Site "Internet Chess Club"]
[Date "2022.02.12"]
[Round "4"]
[White "LING, CHENXUAN:UnicornMM"]
[Black "Dungi, Santosh:santoshroopak"]
[Result "1-0"]
[ICCResult "Black resigns"]
[WhiteElo "1675"]
[BlackElo "1650"]
[Opening "QGD: exchange, positional line"]
[ECO "D35"]
[NIC "QO.16"]
[Time "18:00:15"]
[PlyCount "123"]
[TimeControl "1800+10"]

1. d4 Nf6 2. c4 e6 3. Nc3 d5 4. cxd5 exd5 5. Bg5 Be7 6. e3 h6 7. Bh4 a6 8.
Bd3 Nbd7 9. Nf3 O-O 10. O-O b6 11. Rc1 Bb7 12. Qc2 Rc8 13. Qe2 Ra8 14. Rfd1
c5 15. Bb1 c4 16. Ne5 b5 17. Qc2 Re8 18. Nxd7 Qxd7 19. Bxf6 Bxf6 20. Qh7+
Kf8 21. Ne2 Qg4 22. Ng3 Bc8 23. Bf5 Qg5 24. f4 Qh4 25. Bxc8 g6 26. Bb7 Rad8
27. f5 g5 28. e4 dxe4 29. Nxe4 Rxe4 30. Bxe4 Qxe4 31. Qxh6+ Bg7 32. Qxg5
Bxd4+ 33. Kh1 f6 34. Qh6+ Kf7 35. Qh7+ Kf8 36. Qh8+ Ke7 37. Qg7+ Kd6 38.
Qxf6+ Kc7 39. Qf7+ Rd7 40. Qe6 Qf4 41. Rf1 Qg4 42. Qxa6 Rh7 43. Qa5+ Bb6 44.
Qe1 Kb7 45. Qc3 Bc7 46. Qf3+ Qxf3 47. Rxf3 Rxh2+ 48. Kg1 Rh7 49. g3 Be5 50.
f6 Rf7 51. Rcf1 Bxb2 52. g4 Bd4+ 53. Kg2 c3 54. g5 c2 55. Rb3 Ka6 56. Rc1
Rc7 57. Kf3 Ka5 58. Ke4 Rc4 59. Rxc2 Bxf6+ 60. Rxc4 bxc4 61. gxf6 cxb3 62.
axb3 {Black resigns} 1-0

[Event "ICC tourney 2822 (30 10)"]
[Site "Internet Chess Club"]
[Date "2022.02.12"]
[Round "5"]
[White "WANG, MAXWELL GEORG:MaxWang"]
[Black "HERREROS, STEPHEN:alekhine1031"]
[Result "0-1"]
[ICCResult "White resigns"]
[WhiteElo "1692"]
[BlackElo "1492"]
[Opening "Scandinavian: Pytel-Wade variation"]
[ECO "B01"]
[NIC "SD.02"]
[Time "20:00:21"]
[PlyCount "34"]
[TimeControl "1800+10"]

1. e4 d5 2. exd5 Qxd5 3. Nc3 Qd6 4. Nf3 Nf6 5. d4 c6 6. Bc4 Bg4 7. Be3 e6 8.
a3 Be7 9. h3 Bxf3 10. Qxf3 Nd5 11. Ne4 Qd8 12. Bd3 Nxe3 13. fxe3 Nd7 14. Qg3
Bh4 15. Nd6+ Kf8 16. O-O-O Bxg3 17. Rdf1 Bxd6 {White resigns} 0-1

[Event "ICC tourney 2822 (30 10)"]
[Site "Internet Chess Club"]
[Date "2022.02.12"]
[Round "5"]
[White "JACKSON, MASSIMO MATEO:Yeetamus123"]
[Black "Garner, Christian:ChristianJRG"]
[Result "1-0"]
[ICCResult "Black resigns"]
[WhiteElo "1383"]
[BlackElo "1608"]
[Opening "Sicilian: closed"]
[ECO "B23"]
[NIC "SI.44"]
[Time "20:00:22"]
[PlyCount "45"]
[TimeControl "1800+10"]

1. e4 c5 2. Nc3 g6 3. f4 Nc6 4. Nf3 Bg7 5. Bc4 e6 6. O-O a6 7. d3 Nge7 8.
Qe1 Na5 9. Bb3 Nxb3 10. axb3 b5 11. Nh4 d5 12. f5 exf5 13. exf5 gxf5 14.
Nxf5 Bxf5 15. Rxf5 Qd7 16. Rxd5 Qc6 17. Bg5 f6 18. Bf4 Rd8 19. Rxd8+ Kxd8
20. Ne4 Nd5 21. Bg3 Re8 22. Qa5+ Qc7 23. Bxc7+ {Black resigns} 1-0